Map: Jagannatha LE

Players

Scarlett - Winner!

  • Race: Zerg Zerg

JonSnow

  • Race: Zerg Zerg
  • League: Master

Event: DreamHack SC2 Masters 2021 Summer

VOD

Have the link to the VOD?

Description

Time

  • Played on: May 27, 2021, 6:47 p.m.
  • Length: 8:16

All games in this series

Show
View Real Time Build Order
Export as new Build Order

Scarlett Zerg - Winner!

Build Orders: Hatch First 

Get SALT Encoding   

  12  0:00  Drone  
  13  0:12  Overlord  
  13  0:17  Drone  
  14  0:30  Drone x2  
  16  0:47  Hatchery  
  15  0:51  Drone  
  15  0:54  Drone  
  17  0:57  Drone  
  18  1:07  Extractor  
  17  1:13  Spawning Pool  
  17  1:16  Drone  
  17  1:20  Drone  
  18  1:28  Drone  
  19  1:38  Drone  
  20  1:48  Drone  
  21  1:59  Queen  
  21  2:00  Queen, Zergling x2  
  26  2:01  Overlord  
  26  2:09  Metabolic Boost  
  26  2:11  Drone  
  26  2:12  Drone  
  28  2:20  Drone  
  28  2:21  Drone  
  30  2:33  Hatchery  
  30  2:35  Zergling x2  
  30  2:41  Queen  
  32  2:46  Overlord  
  32  2:51  Drone  
  32  2:55  Drone  
  34  3:02  Baneling Nest  
  34  3:04  Zergling x6  
  36  3:15  Zergling x10  
  40  3:28  Overlord  
  40  3:32  Hatchery  
  42  3:34  Drone  
  42  3:36  Overlord  
  42  3:37  Drone x2  
  42  3:40  Extractor  
  42  3:45  Baneling  
  42  3:46  Drone, Baneling  
  43  3:48  Drone  
  43  3:49  Drone x2  
  46  3:58  Drone x5  
  51  4:03  Drone  
  51  4:09  Lair  
  52  4:14  Drone x2  
  54  4:17  Drone, Extractor  
  54  4:20  Evolution Chamber  
  54  4:22  Drone  
  54  4:23  Drone  
  55  4:26  Zergling x2  
  55  4:27  Baneling x2  
  53  4:38  Zergling x4  
  54  4:46  Drone x7, Roach Warren  
  54  4:47  Extractor  
  54  4:51  Zerg Melee Weapons Level 1  
  59  4:56  Overlord  
  59  5:03  Drone x2  
  59  5:05  Drone x4  
  65  5:12  Spire  
  64  5:18  Drone x4  
  68  5:23  Drone, Overlord  
  68  5:25  Drone  
  68  5:28  Drone x2  
  72  5:30  Overseer  
  72  5:33  Drone x2  
  74  5:42  Overlord  
  74  5:43  Drone x5, Extractor  
  74  5:44  Extractor  
  74  5:47  Overlord  
  77  5:53  Overlord x2  
  77  5:54  Drone  
  77  5:55  Drone x2  
  80  6:01  Overlord  
  80  6:04  Overlord  
  80  6:05  Zergling x6  
  80  6:10  Zergling x8  
  87  6:18  Zergling x10  
  90  6:21  Spine Crawler  
  90  6:23  Mutalisk x2, Spine Crawler  
  90  6:24  Mutalisk  
  94  6:32  Mutalisk x3  
  100  6:34  Baneling x3  
  99  6:41  Mutalisk x3  
  99  6:42  Zergling x4  
  99  6:45  Mutalisk  
  102  6:47  Mutalisk  
  102  6:50  Mutalisk  
  102  7:02  Mutalisk x2  
  102  7:03  Zergling x14  
  112  7:09  Mutalisk  
  112  7:10  Zergling x10  
  117  7:17  Mutalisk, Zergling x2  
  120  7:26  Mutalisk x2  
  124  7:32  Overlord  
  124  7:33  Zergling x4  
  126  7:39  Spine Crawler  
  126  7:40  Spine Crawler, Zergling x10  
  129  7:45  Overlord  
  129  7:47  Spine Crawler x2  
Show
View Real Time Build Order
Export as new Build Order

JonSnow Zerg 

Build Orders: Hatch First 

Get SALT Encoding   

  12  0:01  Drone  
  13  0:12  Overlord  
  13  0:16  Drone  
  14  0:31  Drone x2  
  16  0:50  Hatchery  
  16  0:52  Drone  
  16  0:55  Drone  
  17  1:01  Drone  
  18  1:09  Extractor  
  17  1:14  Spawning Pool  
  16  1:19  Drone  
  16  1:20  Drone  
  18  1:28  Drone  
  19  1:39  Drone  
  20  1:49  Overlord  
  20  2:02  Queen x2  
  20  2:03  Drone x2  
  26  2:09  Metabolic Boost  
  26  2:12  Zergling x2  
  26  2:13  Zergling x2  
  28  2:23  Zergling x2  
  28  2:25  Drone  
  30  2:38  Hatchery  
  30  2:41  Zergling x2  
  30  2:43  Drone  
  31  2:51  Drone x2  
  31  2:53  Baneling Nest  
  32  2:59  Overlord  
  32  3:04  Drone x2  
  34  3:09  Overlord  
  34  3:17  Drone x2  
  36  3:25  Zergling x8  
  40  3:31  Zergling x4  
  40  3:32  Queen  
  42  3:38  Zergling x2  
  42  3:41  Spine Crawler  
  42  3:43  Baneling x2  
  42  3:45  Baneling x2  
  42  3:47  Baneling  
  43  3:48  Zergling x4  
  43  3:56  Zergling x6  
  43  4:00  Drone x2  
  43  4:01  Drone  
  48  4:06  Drone x2  
  50  4:10  Overlord  
  50  4:14  Overlord  
  50  4:22  Drone x4  
  51  4:40  Drone  
  51  4:41  Drone x6  
  51  4:45  Drone, Evolution Chamber  
  59  4:47  Roach Warren  
  59  4:48  Drone  
  59  4:52  Overlord  
  58  5:00  Drone x5  
  58  5:01  Drone x2  
  58  5:05  Drone x2  
  67  5:08  Extractor x2  
  67  5:10  Lair  
  65  5:16  Drone x3  
  65  5:17  Zerg Missile Weapons Level 1  
  65  5:21  Drone x2, Extractor  
  70  5:22  Extractor x2  
  70  5:23  Drone  
  70  5:27  Drone x2  
  70  5:28  Drone x2  
  72  5:30  Drone  
  72  5:31  Drone  
  73  5:36  Queen  
  73  5:37  Queen  
  73  5:42  Overlord  
  76  5:45  Roach x3  
  82  5:55  Overlord x2  
  82  5:58  Overlord  
  82  6:03  Baneling  
  82  6:04  Baneling  
  82  6:09  Queen  
  82  6:10  Roach  
  82  6:11  Queen, Roach  
  88  6:13  Queen  
  88  6:14  Glial Reconstitution  
  91  6:18  Nydus Network  
  91  6:23  Roach x3  
  96  6:28  Baneling  
  96  6:34  Baneling x2  
  95  6:43  Roach x7  
  95  6:45  Queen  
  109  6:55  Nydus Canal  
  109  6:57  Roach x2  
  109  7:03  Roach x3  
  109  7:04  Roach  
  113  7:10  Nydus Canal  
  113  7:15  Roach x3  
  113  7:18  Overlord  
  113  7:19  Overlord  
  113  7:20  Spore Crawler x2  
  113  7:21  Spore Crawler  
  106  7:23  Overlord  
  106  7:32  Spore Crawler  
  106  7:36  Queen x2  
  109  7:45  Drone x2  
  109  7:47  Roach x5  
  119  7:55  Spore Crawler x2  
  119  7:56  Roach x3  
Tags
 
Add a new tag
Caveats
  • Supply blocks, unpowered buildings, or Contaminate may cause inaccurate times.
  • Supply counts are checked every 10 seconds.